AoeStats
← jlunamatos

Arabia

505867643Analyzed
1v1 RM · 21d ago on Sep 11, 2026· 61m 4s· 2 players
Game mode
Random Map
Map size
Tiny (2 player)
Population
200
Speed
Normal
Resources
Standard
Victory
Conquest
Starting age
Dark Age
Ending age
Imperial Age
RankedLock teamsTeams togetherTeam positionsShared explorationLock speedFull tech treeHidden civsTurbo modeCheats
Victory
Defeat
🇧🇷 Byzantines · Brazil
550
+14
🇵🇪 Byzantines · Peru
497
-14
jlunamatos
2:57 Loom
13:02 Feudal Age
14:26 Wheelbarrow
13:48 Double-Bit Axe
14:32 Horse Collar
17:44 Gold Mining
17:47 Stone Mining
22:23 Castle Age
21:28 Fletching
22:57 Forging
23:34 Hand Cart
24:18 Pikeman
25:43 Padded Archer Armor
28:51 Gold Shaft Mining
28:33 Heavy Plow
29:32 Squires
30:16 Scale Barding Armor
31:07 Husbandry
36:31 Bodkin Arrow
37:47 Leather Archer Armor
37:32 Murder Holes
38:00 Light Cavalry
39:21 Bow Saw
39:43 Arson
41:00 Stone Shaft Mining
46:03 Imperial Age
45:15 Scale Mail Armor
48:47 Chemistry
48:09 Ballistics
48:24 Ring Archer Armor
50:57 Elite Skirmisher
52:08 Chain Mail Armor
53:28 Hoardings
53:36 Iron Casting
54:56 Thumb Ring
57:41 Treadmill Crane
biribex
5:18 Loom
10:49 Feudal Age
13:04 Double-Bit Axe
17:09 Gold Mining
21:02 Scale Barding Armor
21:08 Forging
25:30 Castle Age
25:36 Scale Mail Armor
27:19 Chain Barding Armor
27:16 Husbandry
28:21 Wheelbarrow
28:00 Husbandry
27:21 Light Cavalry
27:43 Pikeman
28:24 Squires
29:50 Gold Shaft Mining
30:37 Bow Saw
37:51 Hand Cart
38:15 Iron Casting
37:56 Chain Mail Armor
37:37 Gambesons
39:04 Horse Collar
39:19 Stone Mining
42:55 Imperial Age
45:42 Plate Barding Armor
45:38 Plate Mail Armor
44:39 Cavalier
49:01 Chemistry
48:22 Ballistics
49:05 Chemistry
47:46 Treadmill Crane
48:25 Halberdier
50:07 Stone Shaft Mining
49:30 Paladin
Connection lost

Rejoining the realm…

Still unreachable

The connection could not be restored.

Session expired

The server has moved on; the page needs a fresh start.